 Dungeon Crawl Stone Soup version 0.32-a0-42-ga30500b4d3 (webtiles) character file.

Game seed: 1644559692713482603

2445 funkygono the Cleaver (level 9, 0/79 HPs)
             Began as a Minotaur Fighter on Feb 3, 2024.
             Slain by a two-headed ogre
             ... wielding a +0 giant club
              (17 damage)
             ... on level 7 of the Dungeon.
             The game lasted 00:08:09 (5138 turns).

funkygono the Cleaver (Minotaur Fighter)            Turns: 5138, Time: 00:08:09

Health: 0/79       AC: 19    Str: 27    XL:     9   Next: 25%
Magic:  8/8        EV:  8    Int:  5    God:
Gold:   343        SH:  5    Dex: 13    Spells: 8/8 levels left

rFire   . . .        a - +1 war axe (elec)
rCold   . . .        c - +0 buckler
rNeg    . . .        d - +0 plate armour
rPois   .            (helmet restricted)
rElec   .            b - +0 cloak
rCorr   .            j - +1 pair of gloves of Submission {Will+ Str+2 Dex+3}
SInv    .            u - +1 pair of boots
Will    +....        (no amulet) Stlth
                     (no ring)
HPRegen 0.33/turn    (no ring)
MPRegen 0.11/turn

%: no passive effects
@: no status effects
A: horns 2, retaliatory headbutt
a: no special abilities


You were on level 7 of the Dungeon.
You visited 2 branches of the dungeon, and saw 8 of its levels.

You collected 343 gold pieces.

Inventory:

Hand Weapons
 a - a +1 war axe of electrocution (weapon)
Missiles
 e - 40 stones (quivered)
 g - 2 boomerangs
Armour
 b - a +0 cloak (worn)
 c - a +0 buckler (worn)
 d - a +0 plate armour (worn)
 j - the +1 pair of gloves of Submission (worn) {Will+ Str+2 Dex+3}
   (You acquired it on level 5 of the Dungeon)

   Str+2:     It affects your strength (+2).
   Dex+3:     It affects your dexterity (+3).
   Will+:     It increases your willpower.
 u - a +1 pair of boots (worn)
Wands
 l - a wand of roots (21)
 o - a wand of acid (9)
 q - a wand of flame (34)
Scrolls
 f - a scroll of revelation
 p - a scroll of teleportation
 r - a scroll of fog {unknown}
Potions
 h - 2 potions of curing
 i - a potion of lignification
 k - a potion of ambrosia
 m - 2 potions of brilliance {unknown}
 n - a potion of heal wounds {unknown}
 s - a potion of attraction {unknown}
 t - a potion of berserk rage {unknown}
 x - a potion of might


   Skills:
 + Level 7.3 Fighting
 + Level 10.6 Axes
 + Level 0.6 Throwing
 + Level 7.9 Armour
 + Level 2.1 Dodging
 + Level 0.9 Stealth
 + Level 5.1 Shields


You had 8 spell levels left.
You didn't know any spells.
Your spell library contained the following spells:

 Spells                   Type           Power      Damage    Failure   Level
 Call Canine Familiar     Summ           0%         N/A       100%        3
 Fugue of the Fallen      Necr           0%         N/A       100%        3
 Ozocubu's Armour         Ice            0%         N/A       100%        3
 Sigil of Binding         Hex            0%         N/A       100%        3
 Dimensional Bullseye     Hex/Tloc       0%         N/A       100%        4
 Manifold Assault         Tloc           0%         N/A       100%        4
 Passage of Golubria      Tloc           0%         N/A       100%        4
 Silence                  Hex/Air        0%         N/A       100%        5
 Lehudib's Crystal Spear  Conj/Erth      0%         10d2      100%        8


Dungeon Overview and Level Annotations

Branches:
Dungeon (7/15)             Temple (1/1) D:6

Altars:
Ashenzari
Dithmenos
Elyvilon
Fedhas
Gozag
Kikubaaqudgha
Qazlal
Ru
Sif Muna
Trog
Uskayaw
Vehumet
Xom
Zin
The Shining One


Innate Abilities, Weirdness & Mutations

You have a pair of horns on your head.
You reflexively headbutt those who attack you in melee.


Message History

You slash the two-headed ogre!
Lightning courses through the two-headed ogre!
Your headbutt misses the two-headed ogre.
The two-headed ogre is heavily wounded.
The two-headed ogre hits you but does no damage.
The two-headed ogre hits you with a +0 giant club!
You hit the two-headed ogre.
The two-headed ogre is heavily wounded.
You slash the two-headed ogre!
The two-headed ogre is almost dead.
The two-headed ogre hits you but does no damage.
The two-headed ogre hits you with a +0 giant club.
You hit the two-headed ogre.
The two-headed ogre is almost dead.
The two-headed ogre hits you with a +0 giant club.
The two-headed ogre hits you with a +0 giant club!
You slash the two-headed ogre!
The two-headed ogre is almost dead.
You slash the two-headed ogre!
You kill the two-headed ogre!
Your Fighting skill increases to level 7!
Your Axes skill increases to level 10!
Your Shields skill increases to level 5!
You have reached level 9!
Your experience leads to an increase in your attributes!
Your base attributes are Str 23, Int 5, Dex 10.
Increase (S)trength, (I)ntelligence, or (D)exterity?
You feel stronger. x2
You hit the two-headed ogre.
The two-headed ogre is lightly wounded.
The two-headed ogre hits you with a +0 giant club!
* * * LOW HITPOINT WARNING * * *
The two-headed ogre hits you with a +0 giant club.
* * * LOW HITPOINT WARNING * * *
You slice the two-headed ogre!!
The two-headed ogre is moderately wounded.
You hit the two-headed ogre.
The two-headed ogre is heavily wounded.
The two-headed ogre hits you with a +0 giant club!
You die...

.####.# #..O.. .#
### #...# .# #
#...### .###....
#...#.# ........
##....# ####....
####.# # .. #{# ##
#O# .# #@# .######
#.# .##...#
#######.# ....#.#
#.......#
.##...####.#######
.###.......# .#
######### .# .#


You could see a two-headed ogre.

Vanquished Creatures
  A two-headed ogre (D:7)
  Pikel (D:4)
  Menkaure (D:4)
  A sky beast (D:6)
  A centaur (D:5)
  2 bullfrogs
  3 scorpions
  Blork the orc (D:4)
  5 hounds
  3 jellies
  3 orc priests (D:6)
  A sleepcap (D:6)
  Crazy Yiuf (D:4)
  4 iguanas
  4 orc wizards
  3 gnolls (D:4)
  5 adders
  2 dart slugs
  3 ribbon worms
  27 orcs
  9 endoplasms
  2 giant cockroaches
  6 goblins
  7 hobgoblins
  5 quokkas
  6 ball pythons
  9 bats
  4 frilled lizards
  5 kobolds
  6 rats
131 creatures vanquished.

Notes
Turn   | Place    | Note
-------+----------+-------------------------------------------
     0 | D:1      | funkygono the Minotaur Fighter began the quest for the Orb.
     0 | D:1      | Reached XP level 1. HP: 19/19 MP: 0/0
   155 | D:1      | Reached XP level 2. HP: 27/27 MP: 1/1
   849 | D:2      | Reached XP level 3. HP: 31/33 MP: 2/2
  1109 | D:2      | Reached skill level 3 in Axes
  1342 | D:2      | Found a shimmering altar of Xom.
  1614 | D:3      | Found a glowing golden altar of the Shining One.
  1625 | D:3      | Found an ancient bone altar of Kikubaaqudgha.
  1679 | D:3      | Reached XP level 4. HP: 39/40 MP: 3/3
  1716 | D:3      | Found a faded altar of an unknown god.
  1728 | D:3      | Reached skill level 1 in Dodging
  1848 | D:3      | Found a blossoming altar of Fedhas.
  1848 | D:3      | Found a hide-covered altar of Uskayaw.
  2193 | D:4      | Reached skill level 4 in Axes
  2343 | D:4      | Reached XP level 5. HP: 34/47 MP: 4/4
  2435 | D:4      | Noticed Pikel
  2435 | D:4      | Noticed a lemure
  2435 | D:4      | Noticed a lemure
  2435 | D:4      | Noticed a lemure
  2435 | D:4      | Noticed a lemure
  2452 | D:4      | Killed Pikel
  2453 | D:4      | Reached skill level 5 in Fighting
  2453 | D:4      | Reached skill level 6 in Axes
  2453 | D:4      | Reached skill level 5 in Armour
  2453 | D:4      | Reached XP level 6. HP: 4/56 MP: 5/5
  2453 | D:4      | Reached XP level 7. HP: 4/61 MP: 6/6
  2744 | D:4      | Noticed Blork the orc
  2750 | D:4      | Killed Blork the orc
  2765 | D:4      | Reached skill level 7 in Axes
  2793 | D:4      | Noticed Menkaure
  2800 | D:4      | Killed Menkaure
  3019 | D:4      | Found a runed translucent door.
  3020 | D:4      | Noticed Crazy Yiuf
  3252 | D:4      | Killed Crazy Yiuf
  3355 | D:5      | Entered Level 5 of the Dungeon
  3421 | D:5      | Reached XP level 8. HP: 70/70 MP: 7/7
  3492 | D:5      | Reached skill level 8 in Axes
  4157 | D:5      | Identified a scroll of acquirement
  4157 | D:5      | Acquired the +1 pair of gloves of Submission {Will+ Str+2
                  | Dex+3}
  4434 | D:6      | Reached skill level 9 in Axes
  4875 | D:6      | Found a staircase to the Ecumenical Temple.
  4881 | Temple   | Entered the Ecumenical Temple
  5115 | D:7      | Noticed a two-headed ogre
  5115 | D:7      | Noticed a two-headed ogre
  5135 | D:7      | Killed a two-headed ogre
  5136 | D:7      | Reached skill level 10 in Axes
  5136 | D:7      | Reached skill level 5 in Shields
  5136 | D:7      | Reached XP level 9. HP: 34/79 MP: 8/8
  5138 | D:7      | Slain by a two-headed ogre

Illustrated notes

Levels and vault maps discovered:
D:1:      heliophobic_arrival_ceremonial_halls, layout_basic
D:2:      layout_loops_ring, basic_altar, nrook_loot_triangle, nrook_uturn,
          corexii_corridor_pit
D:3:      layout_loops_ring, mainiacjoe_overflow_alcove_4,
          gammafunk_temple_overflow_elements, kiku_gazebo_garden_becter,
          shapermc_ecumenical_altar_starsandcircs
D:4:      layout_rooms, uniq_blork_the_orc, uniq_crazy_yiuf_cottage,
          uniq_menkaure, uniq_pikel
D:5:      layout_loops_ring, kennysheep_generic_room_14
D:6:      layout_basic, minmay_temple_entry_enclosed_plants,
          serial_bayou_crossing
D:7:      cheibrodos_barr_body, layout_loops_cross,
          nicolae_overflow_crystal_walls, nicolae_shop_i_like_big_books,
          nicolae_phantomly_mirrored, uniq_maurice
Temple:   nicolae_temple_ecumenical_triangle

Skill      XL: |  1  2  3  4  5  6  7  8 |
---------------+-------------------------+-----
Shields        | 4 5 |  5.1
Armour         | 4 5 6 7 |  7.9
Fighting       | 4 5 7 |  7.3
Axes           | 3 4 6 7 10 | 10.6
Dodging        | 1 2 |  2.1
Throwing       | |  0.6
Stealth        | |  0.9

Action                     |  1- 3 |  4- 6 |  7- 9 || total
---------------------------+-------+-------+-------++-------
  Melee: War axe           |    97 |    47 |   154 ||   298
         Headbutt          |    10 |     4 |    23 ||    37
  Throw: Stone             |       |       |    13 ||    13
    Use: Scroll            |       |       |    15 ||    15
         Potion            |       |       |     1 ||     1
 Armour: Scale mail        |    49 |       |       ||    49
         Chain mail        |     8 |    29 |    13 ||    50
         Plate armour      |       |       |   102 ||   102
  Dodge: Dodged            |    53 |    14 |    36 ||   103
  Block: Buckler           |    24 |     9 |    21 ||    54

Table legend: (Time is in decaauts)
 A = Elapsed time spent in this place.
 B = Non-inter-level travel time spent in this place.
 C = Inter-level travel time spent in this place.
 D = Time resting spent in this place.
 E = Time spent auto-exploring this place.
 F = Levels seen in this place.
 G = Mean time per level.
                   A        B        C        D        E       F      G
               +--------+--------+--------+--------+--------+-----+--------+
         Total |   5214 |   5029 |    185 |    217 |   3851 |   8 |  651.8 |
       Dungeon |   5200 |   5021 |    179 |    217 |   3851 |   7 |  742.9 |
        Temple |     13 |      8 |      5 |      0 |      0 |   1 |   13.0 |
               +--------+--------+--------+--------+--------+-----+--------+

Top non-repeatable levels by time:
     D:4: 1204 daAuts
     D:5: 869 daAuts
     D:6: 787 daAuts
     D:2: 783 daAuts
     D:3: 719 daAuts
     D:1: 704 daAuts
     D:7: 131 daAuts
  Temple: 13 daAuts
